 Dungeon Crawl Stone Soup version 0.21-a0-274-gc1afaeb (webtiles) character file.

154 George the Slasher (level 5, -4/45 HPs)
             Began as a Minotaur Fighter on Sept 19, 2017.
             Splashed by a jelly's acid (7 damage)
             ... on level 2 of the Dungeon.
             The game lasted 00:02:46 (1792 turns).

George the Slasher (Minotaur Fighter)               Turns: 1792, Time: 00:02:47

Health: -4/45      AC:  7    Str: 21    XL:     5   Next: 13%
Magic:  4/4        EV:  7    Int:  5    God:
Gold:   57         SH:  9    Dex: 10    Spells: 4/4 levels left

rFire    . . .     SeeInvis .   a - +0 long sword
rCold    + . .     Gourm    .   c - +0 shield
rNeg     . . .     Faith    .   h - +1 scale mail {rC+}
rPois    .         Spirit   .   (helmet restricted)
rElec    .         Reflect  .   (no cloak)
rCorr    .         Harm     .   (no gloves)
MR       .....                  (no boots)
Stlth    ..........             (no amulet)
HPRegen  0.15/turn              (no ring)
MPRegen  0.09/turn              (no ring)

@: no status effects
A: retaliatory headbutt, horns 2
a: no special abilities


You were on level 2 of the Dungeon.
You were not hungry.

You visited 1 branch of the dungeon, and saw 3 of its levels.

You collected 57 gold pieces.

Inventory:

Hand Weapons
 a - a +0 long sword (weapon)
Armour
 c - a +0 shield (worn)
 h - a +1 scale mail of cold resistance (worn)
Scrolls
 b - 2 scrolls of identify {unknown}
 e - 3 scrolls of fear {unknown}
 j - a scroll of remove curse {unknown}
 m - a scroll of magic mapping {unknown}
Potions
 d - 2 potions of might
 g - 2 potions of curing {unknown}
 i - a potion of haste {unknown}
 k - 2 potions of lignification {unknown}
 l - a potion of cancellation {unknown}
Comestibles
 f - 2 bread rations


   Skills:
 - Level 3.6 Fighting
 + Level 6.5 Long Blades
 - Level 3.6 Armour
 - Level 3.6 Shields


You had 4 spell levels left.
You didn't know any spells.

Dungeon Overview and Level Annotations

Branches:
Dungeon (3/15)

Altars:
Fedhas


Innate Abilities, Weirdness & Mutations

You reflexively headbutt those who attack you in melee.
You have a pair of horns on your head.


Message History

a club; a whip
Items here: ( )) รท an uncursed dagger; an uncursed blowgun; 11 poisoned needles; a kobold skeleton
Things that are here:
a blowgun; 14 poisoned needles You see here 2 poisoned needles.
You are no longer corroded.
There is a stone staircase leading up here.
The jelly hits you.
* * * LOW HITPOINT WARNING * * *
You are splashed with acid!
The acid burns!
* * * LOW HITPOINT WARNING * * *
You climb upwards.
There is a stone staircase leading down here.
You completely miss the jelly.
The jelly is moderately wounded.
The jelly hits you.
* * * LOW HITPOINT WARNING * * *
You are splashed with acid!
The acid burns!
You die...

#.....#.....##.#
#.##..########.#
#.##....#......#
#.##.#.....######
####........<.#....#
#.#######.#.#.#.##.#
#.............#.##.#
#.#############..#.##
###.##@J...............
####...##.#.#.#########.##
#.....###.#.............#
#.....'.......###########
#.....###.################
#.....# #............(....
#.....# #############.....
#.....# #.###. #######
#.#...


You could see a jelly.

Vanquished Creatures
  A bullfrog skeleton (D:3)
  4 gnolls (D:1)
  An adder (D:2)
  7 oozes (D:3)
  2 worms
  A dart slug (D:1)
  A leopard gecko (D:1)
  6 hobgoblins
  2 jackals (D:1)
  A quokka (D:2)
  A ball python (D:2)
  3 bats (D:1)
  A frilled lizard (D:2)
  9 kobolds
  4 rats
44 creatures vanquished.

Vanquished Creatures (others)
  9 toadstools (D:3)
9 creatures vanquished.

Grand Total: 53 creatures vanquished

Notes
Turn   | Place    | Note
-------+----------+-------------------------------------------
     0 | D:1      | George the Minotaur Fighter began the quest for the Orb.
     0 | D:1      | Reached XP level 1. HP: 19/19 MP: 0/0
   137 | D:1      | Reached skill level 3 in Long Blades
   175 | D:1      | Reached XP level 2. HP: 26/26 MP: 1/1
   465 | D:1      | You fall through a shaft!
   539 | D:2      | Reached skill level 4 in Long Blades
   563 | D:2      | Reached XP level 3. HP: 26/31 MP: 2/2
   856 | D:1      | Reached skill level 5 in Long Blades
   862 | D:1      | Reached XP level 4. HP: 29/39 MP: 3/3
  1270 | D:2      | Found a blossoming altar of Fedhas.
  1483 | D:3      | Reached skill level 6 in Long Blades
  1740 | D:3      | Reached XP level 5. HP: 35/45 MP: 4/4
  1792 | D:2      | Splashed by a jelly's acid

Vault maps used:
D:1:      lightli_arrival_quake
D:2:      nicolae_overflow_hidden_temple, fedhas_altar_1
D:3:      cheibrodos_fertilizer, uniq_grinder

Skill      XL: |  1  2  3  4 |
---------------+-------------+-----
Long Blades    | 3 4 5 6 |  6.5
Fighting       | |  3.6
Armour         | |  3.6
Shields        | |  3.6

Action                   |  1- 3 |  4- 6 || total
-------------------------+-------+-------++-------
Melee: Long sword        |    59 |    53 ||   112
       Headbutt          |     7 |    15 ||    22
  Eat: Chunk             |       |     3 ||     3
Armor: Scale mail        |    22 |    15 ||    37
       Chain mail        |     8 |       ||     8
Dodge: Dodged            |    13 |    17 ||    30
Block: Shield            |    34 |    22 ||    56
       Rpst.: Long sword |     3 |     1 ||     4

Table legend:
 A = Spawn XP
 B = Non-spawn XP
 C = Spawn XP percentage of total XP
 D = Spawn monster count
 E = Non-spawn monster count
 F = Spawn count percentage of total count
 G = Total turns spent on level
                    A         B        C        D         E        F      G
               +---------+---------+-------+---------+---------+-------+---------
         Total |       0 |     220 |   0.0 |       0 |      44 |   0.0 |  1792
               +---------+---------+-------+---------+---------+-------+---------
           D:1 |       0 |      81 |   0.0 |       0 |      17 |   0.0 |   823
           D:2 |       0 |      31 |   0.0 |       0 |      10 |   0.0 |   604
           D:3 |       0 |     108 |   0.0 |       0 |      17 |   0.0 |   365
               +---------+---------+-------+---------+---------+-------+---------
